 Dungeon Crawl Stone Soup version 0.19-a0-1170-g18f0c96 (webtiles) character file.

140614 4thArraOfDagon the Brawler (level 16, -1/129 HPs)
             Began as a Troll Artificer on Aug 16, 2016.
             Was the Champion of Ashenzari.
             Killed from afar by a deep elf annihilator (37 damage)
             ... with a bolt of lightning
             ... on level 3 of the Elven Halls.
             The game lasted 01:25:52 (14616 turns).

4thArraOfDagon the Brawler (Troll Artificer)       Turns: 14616, Time: 01:25:53

Health: -1/129     AC: 11    Str: 24    XL:     16   Next: 76%
Magic:  17/17      EV: 22    Int: 14    God:    Ashenzari [******]
Gold:   2546       SH: 13    Dex: 22    Spells: 6 memorised, 10 levels left

rFire  + . .     SeeInvis +       - Unarmed
rCold  . . .     Gourm    +     x - +1 robe {MR+} (curse)
rNeg   + + .     Faith    .     k - +0 shield of Duty {rPois Int+4} (curse)
rPois  +         Spirit   .     (helmet restricted)
rElec  .         Dismiss  .     B - +0 cloak of the Trees {MR+ Dex+5} (curse)
rCorr  +         Reflect  .     (gloves unavailable)
MR     +++..     Harm     .     (boots unavailable)
Stlth  +++....... Clarity  +    q - amulet of rage (curse)
                                P - ring "Karpheur" {rPois rF+ Dex+6} (curse)
                                a - ring of Ihestraa {rCorr rN++ MP-9 Dex+2 Stlth+} (curse)

@: exhausted, slowed, very slow
A: unfitting armour, claws 3, rough black scales 1, slimy green scales 1,
berserk 1, dopey 1, fast metabolism 3, frail 2, gourmand, poison resistance,
regeneration 2, shaggy fur 1, tough skin 2
a: Curse Item, Scrying, Transfer Knowledge, Renounce Religion, Evoke Berserk
Rage


You were on level 3 of the Elven Halls.
You worshipped Ashenzari.
Ashenzari was exalted by your worship.
You were not hungry.

You visited 6 branches of the dungeon, and saw 31 of its levels.
You visited the Abyss 1 time.
You also visited: Labyrinth, Ossuary, Ice Cave and Wizlab.

You collected 3203 gold pieces.
You spent 657 gold pieces at shops.

Inventory:

Missiles
 g - 9 tomahawks of dispersal
 A - 26 large rocks (quivered)
 J - 2 throwing nets
 M - 12 curare-tipped needles
Armour
 k - the cursed +0 shield of Duty (worn) {rPois Int+4}
   (You found it on level 3 of the Elven Halls)

   It affects your intelligence (+4).
   It protects you from poison.
   It has a curse placed upon it.
 x - a cursed +1 robe of magic resistance (worn)
 B - the cursed +0 cloak of the Trees (worn) {MR+ Dex+5}
   (You found it in a wizard's laboratory)

   It affects your dexterity (+5).
   It affects your resistance to hostile enchantments.
   It has a curse placed upon it.
Magical Staves
 Q - an uncursed staff of earth
Rods
 b - a +1 iron rod (9/9)
   (You found it on level 3 of the Shoals)
 o - a -3 rod of ignition (11/11)
   (You found it on level 1 of the Lair of Beasts)
Jewellery
 a - the cursed ring of Ihestraa (left claw) {rCorr rN++ MP-9 Dex+2 Stlth+}
   (You took it off a minotaur in a labyrinth)

   [ring of resist corrosion]

   It affects your dexterity (+2).
   It greatly protects you from negative energy.
   It affects your magic capacity (-9).
   It makes you more stealthy.
   It has a curse placed upon it.
 c - an uncursed ring of protection from magic
 q - a cursed amulet of rage (around neck)
 r - an uncursed ring of wizardry
 G - an uncursed ring of protection from cold
 N - an uncursed ring of fire
 P - the cursed ring "Karpheur" (right claw) {rPois rF+ Dex+6}
   (You acquired it on level 3 of the Elven Halls)

   [ring of protection from fire]

   It affects your dexterity (+6).
   It protects you from fire.
   It protects you from poison.
   It has a curse placed upon it.
 V - the ring "Pexuopt" {Int+4 Slay+3 Stlth+}
   (You took it off a deep elf blademaster on level 3 of the Elven Halls)

   [ring of stealth]

   It affects your intelligence (+4).
   It affects your accuracy and damage with ranged weapons and melee attacks
   (+3).
   It makes you more stealthy.
Wands
 d - a wand of enslavement (4/24)
 e - a wand of random effects (15/48)
 l - a wand of disintegration (15/24)
 D - a wand of confusion (21/48)
 F - a wand of disintegration (4/24)
 L - a wand of paralysis (13/24)
 O - a wand of confusion (24/48)
 U - a wand of hasting (0/9)
 W - a wand of digging (7/24)
 X - a wand of heal wounds (2/9)
 Y - a wand of confusion (35/48)
Scrolls
 i - 2 scrolls of amnesia
 j - a scroll of identify
 n - 4 scrolls of noise
 s - 12 scrolls of remove curse
 t - 4 scrolls of immolation
 u - a scroll of fog
 w - a scroll of enchant weapon
 y - 3 scrolls of recharging
 K - a scroll of magic mapping
 R - 5 scrolls of teleportation
 T - 2 scrolls of blinking
 Z - 4 scrolls of enchant armour
Potions
 h - 3 potions of might
 m - 3 potions of lignification
 v - 2 potions of berserk rage
 z - 6 potions of curing
 E - 2 potions of resistance
 H - a potion of ambrosia
 I - 6 potions of flight
 S - a potion of magic
Books
 C - a Necronomicon

   Spells                             Type                      Level
   a - Haunt                          Necromancy/Summoning         7
   b - Borgnjor's Revivification      Necromancy                   8
   c - Death's Door                   Charms/Necromancy            8
   d - Infestation                    Necromancy                   8
   e - Necromutation                  Transmutation/Necromancy     8
Comestibles
 f - 15 bread rations
 p - 17 meat rations


   Skills:
 + Level 11.1 Fighting
   Level 0.7 Short Blades
 + Level 10.6(13.4) Dodging
 - Level 0.4(1.5) Stealth
 - Level 6.9(10.0) Shields
 - Level 17.0 Unarmed Combat
 - Level 7.4 Spellcasting
 - Level 7.0(11.5) Transmutations
 - Level 6.5(11.0) Earth Magic
 - Level 2.1(5.5) Evocations


You had 10 spell levels left.
You knew the following spells:

 Your Spells              Type           Power        Failure   Level  Hunger
a - Blink                 Tloc           N/A          17%         2    None
b - Repel Missiles        Chrm/Air       #.....       17%         2    None
c - Necromutation         Tmut/Necr      ###.......   100%        8    #######
d - Apportation           Tloc           #.........   12%         1    None
e - Passage of Golubria   Tloc           N/A          89%         4    ####...
f - Passwall              Tmut/Erth      #####.....   1%          2    None


Dungeon Overview and Level Annotations

Branches:
Dungeon (15/15)            Temple (1/1) D:6            Lair (6/6) D:11
 Shoals (4/4) Lair:2        Snake (0/4) Lair:2        Slime (0/5) Lair:5
    Orc (2/2) D:11            Elf (3/3) Orc:2        Vaults (0/5) D:13
 Depths (0/5) D:15

Altars:
Ashenzari
Dithmenos
Kikubaaqudgha
Nemelex Xobeh
Okawaru
Ru
Sif Muna
Trog
Yredelemnul
The Shining One

Shops:
D:4 %   D:12 ?   Orc:1 [   Orc:2 %%?}

Portals:
Trove: Elf:2 (show slimy rune of Zot)

Annotations:
D:7 4thArraOfDagon's ghost, novice TrAr
D:13 Snorg
Lair:6 Rupert
Shoals:4 Ilsuiw


Innate Abilities, Weirdness & Mutations

You are too large for most types of armour.
You have claws for hands.
Your metabolism is lightning-fast.
You like to eat raw meat.
You heal very quickly.
You are covered in fur. (AC +1)
You have very tough skin. (AC +2)
You are partially covered in rough black scales. (AC +2, Dex -1)
You are partially covered in slimy green scales. (AC +2)
You tend to lose your temper in combat.
You are dopey. (Int -2)
You are very frail. (-20% HP)
Your system is resistant to poisons. (rPois)


Message History

The sphere of damnation explodes!
The damnation engulfs you!
* * * LOW HITPOINT WARNING * * *
Unknown command.
Unknown command.
You feel your anger subside.
You are no longer berserk.
You are exhausted.
You feel yourself slow down.
Things that are here:
an uncursed scimitar; a +0 scale mail Unknown command.
Unknown command.
As you read the scroll of teleportation, it crumbles to dust.
You feel strangely unstable.
Unknown command.
You feel better.
Your surroundings suddenly seem different.
A deep elf annihilator comes into view. It is wielding a long sword.
The deep elf annihilator gestures at you while chanting.
The bolt of lightning hits you!
You die...

********* ****,,,,,,,****
*,,,,,,*,,,,,,*
#######,,*,,,,,,,*,,**
#..(e@#*,,,**+**,,,**,
#.#$#..#****,,,*****,,
**).,#..#,,,*,,,*,,,*,,
#..,*#...,,,,,,,,,,,,,,
#.*,*.....,,,,,,,,*,,,,
*#,,,*..##.#*,,⌠,,,*,**,
*,,,**...*..,,,,,,,,,*,,
*,*,*....,...,,{,,,,,,,,
**,,,*,,***,,#######,,***


You could see a deep elf annihilator.

Vanquished Creatures
  2 deep elf blademasters (Elf:3)
  2 deep elf master archers (Elf:3)
  An eldritch tentacle (WizLab)
  A frost giant (IceCv)
  5 deep elf sorcerers (Elf:3)
  A war gargoyle (D:13)
  The ghost of 4thArraOfDagon the Brawler, a journeyman TrAr of Dithmenos (IceCv)
  A stone giant (Orc:1)
  Azrael (D:15)
  5 deep elf annihilators
  4 deep elf demonologists (Elf:3)
  An ettin (D:13)
  4 deep elf death magi (Elf:3)
  A minotaur (Lab)
  A yaktaur captain (D:15)
  3 deep elf high priests (Elf:3)
  4 hydras
  An ice dragon (Lair:6)
  A centaur warrior (D:15)
  Erica (D:8)
  A catoblepas (Lair:6)
  7 dancing weapons
  2 death yaks (IceCv)
  2 thrashing horrors (WizLab)
  3 orc high priests (Orc:2)
  A soul eater (WizLab)
  6 deep elf knights
  2 shadow wraiths (WizLab)
  An unseen horror (shapeshifter) (D:10)
  An obsidian statue (WizLab)
  2 sea snakes (Shoals:1)
  2 unseen horrors
  6 hill giants
  4 deep elf archers
  8 orc knights
  4 wizards
  2 lindwurms (Lair:6)
  A phantasmal warrior (D:13)
  A necromancer (D:13)
  4 cyclopes
  3 ugly things
  A wolf spider (D:15)
  4 griffons
  6 orc sorcerers
  26 deep elf magi
  A worldbinder (WizLab)
  7 manticores
  4 elephants (Lair:6)
  A siren (Lair:2)
  3 black mambas
  An ice statue (IceCv)
  7 trolls
  6 spiny frogs
  8 torpor snails (Lair:6)
  2 efreet
  3 demonic crawlers (WizLab)
  A yaktaur (D:15)
  A komodo dragon (shapeshifter) (D:14)
  3 rime drakes
  9 komodo dragons
  An ice devil (WizLab)
  A tengu conjurer (D:15)
  A red devil (WizLab)
  A wind drake (Shoals:2)
  3 meliai (D:14)
  6 merfolk
  4 two-headed ogres
  14 polar bears (IceCv)
  9 slime creatures
  4 giant leeches (Lair:6)
  A two-headed ogre (shapeshifter) (D:14)
  4 blink frogs
  A snapping turtle (Shoals:1)
  2 boulder beetles (Lair:6)
  26 orc warriors
  A tarantella (shapeshifter) (D:14)
  A shadow (D:11)
  6 water elementals
  Eustachio (D:6)
  An air elemental (Elf:3)
  A vampire (D:15)
  A wraith (D:13)
  2 wyverns
  36 yaks
  9 fire elementals
  A basilisk (Lair:6)
  4 hungry ghosts (Lab)
  9 hippogriffs
  A spatial vortex (WizLab)
  An insubstantial wisp (WizLab)
  3 wargs
  4 large abominations
  3 nagas (Lair:2)
  A swamp worm (Lair:6)
  9 water moccasins
  3 hell hounds (D:15)
  2 porcupines
  2 ice beasts
  10 wasps
  A sky beast (D:7)
  2 phantoms
  A centaur (D:13)
  7 ogres
  23 wolves
  An anubis guard skeleton (WizLab)
  5 crocodiles
  2 big kobolds
  An elf zombie (Ossuary)
  A wyvern zombie (D:14)
  11 giant frogs
  Blork the orc (D:6)
  An earth elemental (Elf:2)
  A wyvern skeleton (D:9)
  2 scorpions
  4 killer bees (D:9)
  4 wights (D:12)
  An electric eel (Elf:3)
  3 howler monkeys
  4 crimson imps
  6 centaur zombies
  A wasp zombie (D:8)
  4 hounds
  4 jellies
  3 giant frog skeletons
  18 orc priests
  7 centaur skeletons
  5 iguanas
  28 orc wizards
  Terence (D:3)
  11 worker ants
  24 sheep
  3 big kobold zombies (Ossuary)
  2 hound zombies (D:9)
  2 mummies (Ossuary)
  A worker ant zombie (D:8)
  Robin (D:3)
  3 gnolls (D:5)
  16 river rats
  8 adders
  3 shadow imps
  3 oozes (Lair:5)
  2 adder skeletons
  2 worms (D:2)
  3 giant geckos
  92 orcs
  A ball python (D:2)
  2 giant cockroaches
  18 goblins
  18 hobgoblins
  15 jackals
  A quokka (D:7)
  A bat (D:2)
  3 giant newts
  2 gnoll zombies (Ossuary)
  4 goblin zombies (Ossuary)
  3 hobgoblin zombies (Ossuary)
  A jackal skeleton (D:6)
  14 kobolds
  2 rats (D:3)
  A crawling corpse (Elf:3)
  2 fungi
  2 plants (Lair:6)
807 creatures vanquished.

Vanquished Creatures (collateral kills)
  A wyvern (D:10)
  A water moccasin (D:8)
  A scorpion (D:9)
  An orc wizard (D:10)
  A worker ant (D:10)
  2 kobolds (D:8)
7 creatures vanquished.

Vanquished Creatures (others)
  Maurice (D:9)
  An orc warrior (D:8)
  4 yaks (IceCv)
  A wolf (IceCv)
  A centaur (D:6)
  An orc (D:6)
  2 fungi (Lair:6)
  6 plants (Lair:6)
17 creatures vanquished.

Grand Total: 831 creatures vanquished

Notes
Turn   | Place    | Note
-------+----------+-------------------------------------------
     0 | D:1      | 4thArraOfDagon the Troll Artificer began the quest for the Orb.
     0 | D:1      | Reached XP level 1. HP: 18/18 MP: 1/1
    58 | D:3      | Noticed Terence
    82 | D:2      | Reached skill level 1 in Unarmed Combat
    94 | D:2      | Reached XP level 2. HP: 23/26 MP: 2/2
   127 | D:2      | Reached skill level 2 in Unarmed Combat
   198 | D:3      | Killed Terence
   198 | D:3      | Reached skill level 3 in Unarmed Combat
   198 | D:3      | Reached XP level 3. HP: 32/32 MP: 3/3
   414 | D:3      | Reached XP level 4. HP: 36/40 MP: 4/4
   460 | D:4      | Found Soiliph's Food Boutique.
   463 | D:4      | Reached skill level 4 in Unarmed Combat
   473 | D:4      | Found a shattered altar of Ashenzari.
   478 | D:4      | Reached XP level 5. HP: 37/46 MP: 5/5
   485 | D:4      | Became a worshipper of Ashenzari the Shackled
   498 | D:4      | Noticed a phantom
   528 | D:4      | Killed a phantom
   528 | D:4      | Reached skill level 5 in Unarmed Combat
   567 | D:3      | Noticed Robin
   582 | D:3      | Reached XP level 6. HP: 54/54 MP: 6/6
   589 | D:3      | Killed Robin
   589 | D:3      | Reached skill level 6 in Unarmed Combat
   641 | D:3      | Found a faded altar of an unknown god.
   771 | D:4      | Reached skill level 7 in Unarmed Combat
   820 | D:4      | Found a sparkling altar of Nemelex Xobeh.
   915 | D:5      | Entered Level 5 of the Dungeon
   925 | D:5      | Reached XP level 7. HP: 55/61 MP: 7/7
  1210 | D:6      | Noticed Eustachio
  1212 | D:6      | Noticed Blork the orc
  1222 | D:6      | Killed Blork the orc
  1222 | D:6      | Reached skill level 8 in Unarmed Combat
  1228 | D:6      | Killed Eustachio
  1248 | D:6      | Found a staircase to the Ecumenical Temple.
  1297 | Temple   | Entered the Ecumenical Temple
  1340 | Temple   | Reached * piety under Ashenzari
  1372 | Temple   | Killed an orc warrior
  1372 | Temple   | Reached skill level 9 in Unarmed Combat
  1372 | Temple   | Reached XP level 8. HP: 68/68 MP: 8/8
  1633 | D:7      | Reached skill level 10 in Unarmed Combat
  1635 | D:7      | Found an ancient bone altar of Kikubaaqudgha.
  1668 | D:6      | jacquesderrida: roka'd
  1832 | D:7      | Found a sand-covered staircase.
  1837 | Ossuary  | Entered an ossuary
  1841 | Ossuary  | Gained mutation: You expend magic power (3 MP) to strengthen your wands. [mutagenic meat]
  1844 | Ossuary  | Gained mutation: You are partially covered in slimy green scales. (AC +2) [mutagenic meat]
  1850 | Ossuary  | Gained mutation: You are surrounded by a mild repulsion field. (EV +2) [mutagenic meat]
  1853 | Ossuary  | Lost mutation: You expend magic power (3 MP) to strengthen your wands. [mutagenic meat]
  1856 | Ossuary  | Gained mutation: Your system is resistant to poisons. (rPois) [mutagenic meat]
  1887 | Ossuary  | Reached skill level 11 in Unarmed Combat
  2055 | D:7      | Reached XP level 9. HP: 75/75 MP: 9/9
  2094 | D:7      | Noticed 4thArraOfDagon's ghost (novice TrAr)
  2142 | D:8      | jacquesderrida: !gkills 4tharraofdagon
  2144 | D:8      | beem: 229 kills by 4tharraofdagon's ghost: 65x 4thArraOfDagon, 3x Chiseanne, 3x timbw, 3x Duffy, 2x dohliylev, 2x tstbtto, 2x disskorpion, 2x Jenx, 2x ThirdFlower, 2x mrath, 2x Malachi, 2x WhatIsLove, 2x BLOAX, 2x ilii, 2x twillightdoom, sorbius, barb4r1an, pigah, Selky, urechis, oinker, Spectrina, onwiheg, hackum, Schadenfreude, saturine, Duskembrace, inmateoo, carnold, Daviar, Sar, Fluffy, scuzzi, P...
  2170 | D:8      | jacquesderrida: da gin...
  2189 | D:8      | Gained mutation: You are partially covered in rough black scales. (AC +2, Dex -1) [potion of beneficial mutation]
  2216 | D:8      | Found a deep blue altar of Sif Muna.
  2216 | D:8      | Found a bloodstained altar of Trog.
  2216 | D:8      | Found a glowing golden altar of the Shining One.
  2225 | D:8      | Reached skill level 12 in Unarmed Combat
  2293 | D:9      | Found a shadowy altar of Dithmenos.
  2357 | D:9      | Noticed Maurice
  2357 | D:9      | Noticed a troll
  2378 | D:9      | Your ally died
  2385 | D:9      | Killed a troll
  2479 | D:9      | Found a sacrificial altar of Ru.
  2493 | D:8      | Noticed Erica
  2502 | D:8      | Killed Erica
  2502 | D:8      | Reached skill level 13 in Unarmed Combat
  2714 | D:8      | Reached XP level 10. HP: 39/83 MP: 10/10
  2852 | D:8      | Reached skill level 14 in Unarmed Combat
  2890 | D:9      | Reached skill level 1 in Fighting
  2966 | D:9      | Found a basalt altar of Yredelemnul.
  3049 | D:10     | Entered Level 10 of the Dungeon
  3126 | D:10     | Noticed a cyclops
  3134 | D:10     | Killed a cyclops
  3292 | D:10     | Killed an unseen horror
  3346 | D:11     | Reached ** piety under Ashenzari
  3346 | D:11     | Found a staircase to the Lair.
  3388 | D:11     | Found a labyrinth entrance.
  3393 | Lab      | Entered a labyrinth
  3518 | Lab      | Paralysed by fainting for 12 turns
  3551 | Lab      | Reached skill level 5 in Dodging
  3589 | Lab      | Noticed a minotaur
  3598 | Lab      | Killed a minotaur
  3598 | Lab      | Identified the ring of Ihestraa {rCorr rN++ MP-9 Dex+2 Stlth+} (You took it off a minotaur in a labyrinth)
  3598 | Lab      | Reached skill level 5 in Fighting
  3598 | Lab      | Reached XP level 11. HP: 102/102 MP: 11/11
  3648 | Lab      | Identified the Grimoire of Hexes
  3649 | Lab      | Got the dagger "Ram Qili" {pierce, Dex+4}
  3830 | D:11     | Found a staircase to the Orcish Mines.
  3936 | D:12     | Noticed a hill giant
  3938 | D:12     | Killed a hill giant
  3984 | D:12     | Noticed a deep elf mage
  3998 | D:12     | Killed a deep elf mage
  4088 | D:12     | Noticed a purple ugly thing
  4145 | D:12     | Found Asagh's Magic Scroll Boutique.
  4149 | D:12     | Bought a scroll of identify for 26 gold pieces
  4149 | D:12     | Bought a scroll of blinking for 97 gold pieces
  4267 | D:13     | Found a runed door.
  4267 | D:13     | Noticed a red ugly thing
  4279 | D:13     | Killed a red ugly thing
  4311 | D:13     | Noticed a phantasmal warrior
  4316 | D:13     | Killed a phantasmal warrior
  4355 | D:13     | Noticed a necromancer
  4358 | D:13     | Killed a necromancer
  4370 | D:13     | Noticed an ettin
  4370 | D:13     | Noticed a war gargoyle
  4397 | D:13     | Killed an ettin
  4458 | D:13     | Killed a war gargoyle
  4492 | D:13     | Noticed a hill giant
  4496 | D:13     | Killed a hill giant
  4582 | D:13     | Noticed a cyan ugly thing
  4588 | D:13     | Killed a cyan ugly thing
  4588 | D:13     | Reached XP level 12. HP: 118/118 MP: 3/12
  4674 | D:12     | Reached *** piety under Ashenzari
  4767 | D:13     | Found a gate to the Vaults.
  5025 | D:13     | Noticed Snorg
  5038 | D:13     | Reached skill level 15 in Unarmed Combat
  5347 | D:15     | Entered Level 15 of the Dungeon
  5446 | D:15     | Found a frozen archway.
  5505 | IceCv    | Entered an ice cave
  5598 | IceCv    | Reached XP level 13. HP: 95/130 MP: 4/13
  5642 | IceCv    | Noticed 4thArraOfDagon's ghost (journeyman TrAr)
  5658 | IceCv    | Killed 4thArraOfDagon's ghost
  5658 | IceCv    | Reached skill level 16 in Unarmed Combat
  5662 | IceCv    | RIP BUD
  5662 | IceCv    | RP ME
  5667 | IceCv    | Sixotanaka: 4th, z wants me to tell you to play gnollcrawl
  5872 | IceCv    | Noticed a frost giant
  5972 | IceCv    | jacquesderrida: Tonaker...
  5985 | IceCv    | Killed a frost giant
  5995 | IceCv    | Sixotanaka: hello
  6034 | IceCv    | Sixotanaka: long time
  6039 | IceCv    | Identified Bidoa's Collected Works on Ice
  6040 | IceCv    | jacquesderrida: Helo...
  6067 | D:15     | jacquesderrida: Time is pretty long, meng
  6109 | D:15     | Sixotanaka: i've been keeping busy
  6147 | D:15     | Noticed Azrael
  6162 | D:15     | Killed Azrael
  6172 | D:15     | jacquesderrida: Spending all the times
  6182 | D:15     | Sixotanaka: zxc always pestering me about crawl xD
  6305 | D:15     | jacquesderrida: Maybe he is the fabled Devourer of Time?!
  6307 | D:15     | Reached skill level 10 in Dodging
  6355 | D:15     | Sixotanaka: it wouldn't surprise me
  6360 | D:15     | jacquesderrida: And he just seduced you to give up all the times...
  6371 | D:15     | Sixotanaka: he's been busy too :(
  6446 | D:15     | Found a staircase to the Depths.
  6566 | D:13     | Sixotanaka: jacques play gnollcrawl
  6643 | Orc:1    | Entered Level 1 of the Orcish Mines
  6647 | Orc:1    | Noticed a stone giant
  6648 | Orc:2    | Entered Level 2 of the Orcish Mines
  6704 | Orc:1    | Reached skill level 17 in Unarmed Combat
  6749 | Orc:1    | jacquesderrida: I may noy
  6753 | Orc:2    | Found a staircase to the Elven Halls.
  6756 | Orc:2    | jacquesderrida: I may not
  6758 | Orc:2    | jacquesderrida: I am not allowed
  6820 | Orc:2    | jacquesderrida: I don't smell like gnell
  6874 | Orc:2    | Reached **** piety under Ashenzari
  6878 | Orc:2    | jacquesderrida: I smell of rose petals and rich mahogany
  6906 | Orc:2    | Sixotanaka: i... see...
  6949 | Orc:2    | jacquesderrida: Yes...
  6974 | Orc:2    | jacquesderrida: That is quite a predicament...
  7127 | Orc:2    | Gained mutation: You are frail. (-10% HP) [a neqoxec]
  7133 | Orc:2    | Reached skill level 10 in Fighting
  7136 | Orc:2    | jacquesderrida: https://crawl.develz.org/tavern/viewtopic.php?f=17&t=15066
  7145 | Orc:2    | oh well
  7149 | Orc:2    | jacquesderrida: That's what googel gave me
  7177 | Orc:2    | jacquesderrida: Dynast realising his furry man-dog fantasies in crawl...
  7177 | Orc:2    | jacquesderrida: No gnallcrawl...
  7207 | Orc:2    | jacquesderrida: I sory
  7266 | Orc:2    | Reached XP level 14. HP: 128/128 MP: 5/14
  7304 | Orc:2    | jacquesderrida: ??gnollcrawl
  7305 | Orc:2    | beem: gnollcrawl[1/1]: You are always level 1 and every enemy is a gnoll. In other words, it's exactly like regular crawl. Playable on {cpo}.
  7336 | Orc:2    | jacquesderrida: wat...
  7390 | Orc:2    | Sixotanaka: you dont gain xp
  7392 | Orc:2    | Sixotanaka: either
  7413 | Orc:2    | jacquesderrida: available on c3po
  7434 | Orc:2    | Sixotanaka: yes
  7434 | Orc:2    | Sixotanaka: that's our server
  7445 | Orc:2    | Found Inig's Food Emporium.
  7445 | Orc:2    | Found Qeros's Gadget Shop.
  7452 | Orc:2    | Found Bicwied's Food Emporium.
  7452 | Orc:2    | Found Muqic's Magic Scroll Shop.
  7461 | Orc:2    | Bought a scroll of enchant armour for 112 gold pieces
  7461 | Orc:2    | Bought a scroll of identify for 30 gold pieces
  7461 | Orc:2    | Bought a scroll of identify for 30 gold pieces
  7461 | Orc:2    | Bought a scroll of identify for 30 gold pieces
  7463 | Orc:2    | Bought a scroll of remove curse for 45 gold pieces
  7463 | Orc:2    | Bought a scroll of remove curse for 45 gold pieces
  7465 | Orc:2    | Bought a wand of disintegration (18/24) for 242 gold pieces
  7465 | Orc:2    | jacquesderrida: This gnoll is too strong for a traveller like me
  7492 | Orc:2    | TIME TO S{PLATE
  7529 | Orc:2    | Reached skill level 1 in Spellcasting
  7839 | Orc:1    | Paralysed by an orc sorcerer for 4 turns
  7919 | Orc:1    | Found Paoxod's Armour Shoppe.
  8034 | Orc:1    | jacquesderrida: wew
  8047 | Orc:1    | jacquesderrida: Heni reni
  8057 | Orc:1    | jacquesderrida: Tarnbstrom
  8061 | Orc:1    | Killed a stone giant
  8066 | Orc:1    | jacquesderrida: Mans
  8092 | Orc:1    | tabstorm: wut up
  8131 | D:11     | jacquesderrida: ??gnollcrawl
  8133 | D:10     | beem: gnollcrawl[1/1]: You are always level 1 and every enemy is a gnoll. In other words, it's exactly like regular crawl. Playable on {cpo}.
  8138 | D:10     | jacquesderrida: r u gnall
  8149 | D:10     | Sixotanaka: no
  8149 | D:10     | tabstorm: yes
  8157 | D:10     | Sixotanaka: everything else is
  8177 | D:10     | Sixotanaka: other than that it's crawl as usual
  8182 | D:10     | jacquesderrida: Yes
  8194 | D:10     | tabstorm: can you gain xp?
  8198 | D:10     | tabstorm: or no
  8208 | D:10     | Sixotanaka: nope
  8211 | D:10     | jacquesderrida: But R U gnall?!
  8218 | D:10     | tabstorm: hm
  8247 | D:10     | Found an iron altar of Okawaru.
  8259 | D:9      | Sixotanaka: no jacques
  8309 | Lair:1   | Entered Level 1 of the Lair of Beasts
  8310 | Lair:1   | Sixotanaka: not a gnoll bud
  8321 | Lair:1   | jacquesderrida: Do you have a doghead in real IRL life?
  8347 | Lair:1   | Sixotanaka: tabstorm you should play it
  8369 | Lair:1   | Learned a level 2 spell: Blink
  8369 | Lair:1   | Sixotanaka: come bring z away from chess!
  8372 | Lair:1   | Learned a level 2 spell: Repel Missiles
  8408 | Lair:1   | Gained mutation: You are weak. (Str -2) [potion of mutation]
  8408 | Lair:1   | Lost mutation: You are weak. (Str -2) [potion of mutation]
  8435 | Lair:1   | jacquesderrida: Wouldn't it become easy in a few floors
  8478 | Lair:1   | jacquesderrida: When you get a big stick or something
  8500 | Lair:1   | Reached ***** piety under Ashenzari
  8523 | Lair:1   | Sixotanaka: yeah but u can't change your stats
  8555 | Lair:1   | Sixotanaka: from how you start
  8564 | Lair:2   | jacquesderrida: or you can just dive with formicid since there is no point killing mans...
  8584 | Lair:1   | Sixotanaka: ye
  8664 | Lair:2   | Found a staircase to the Snake Pit.
  8668 | Lair:2   | jacquesderrida: I'd rather have a dog head...
  8695 | Lair:3   | jacquesderrida: tbqh fam
  8757 | Lair:3   | jacquesderrida: https://crawl.project357.org/watch/tabstorm
  8762 | Lair:3   | Sixotanaka: well
  8940 | Lair:5   | Gained mutation: You tend to lose your temper in combat. [potion of mutation]
  8940 | Lair:5   | Gained mutation: Your magical capacity is low. (-10% MP) [potion of mutation]
  9035 | Lair:5   | Found a staircase to the Slime Pits.
  9056 | Lair:6   | Entered Level 6 of the Lair of Beasts
  9056 | Lair:6   | Noticed Rupert
  9122 | Lair:6   | Reached skill level 5 in Spellcasting
  9260 | Lair:6   | Found a runed door.
  9652 | Lair:6   | Learned a level 8 spell: Necromutation
  9838 | Lair:6   | Reached skill level 1 in Transmutations
 10128 | Lair:6   | jacquesderrida: that was pretty bad smh
 10187 | Lair:5   | Sixotanaka: australia sucks
 10208 | Lair:5   | Sixotanaka: but the game is actually quite nice
 10243 | Lair:4   | jacquesderrida: yes
 10243 | Lair:4   | Reached XP level 15. HP: 124/136 MP: 12/21
 10284 | Lair:4   | jacquesderrida: a forlorne realm
 10334 | Lair:4   | Learned a level 1 spell: Apportation
 10339 | Lair:4   | Learned a level 4 spell: Passage of Golubria
 10339 | Lair:4   | jacquesderrida: The Land of Mystery
 10620 | Lair:2   | Identified a -3 rod of ignition (11/11) (You found it on level 1 of the Lair of Beasts)
 10830 | Lair:2   | Learned a level 2 spell: Passwall
 10865 | Lair:2   | Found a staircase to the Shoals.
 10901 | Shoals:1 | Entered Level 1 of the Shoals
 10901 | Shoals:1 | Reached ****** piety under Ashenzari
 10936 | Shoals:1 | Reached skill level 1 in Earth Magic
 11644 | Shoals:4 | Entered Level 4 of the Shoals
 11720 | Shoals:4 | Noticed Ilsuiw
 11721 | Shoals:4 | heh
 11721 | Shoals:4 | tabstorm: so I tried hitting ^q and it closed my browser and 50+ tabs.. without warning
 11721 | Shoals:4 | tabstorm: smh
 11749 | Shoals:3 | Gained mutation: You are very frail. (-20% HP) [potion of mutation]
 11749 | Shoals:3 | Lost mutation: You are surrounded by a mild repulsion field. (EV +2) [potion of mutation]
 11790 | Shoals:2 | Lost mutation: Your magical capacity is low. (-10% MP) [potion of mutation]
 11790 | Shoals:2 | Gained mutation: You are dopey. (Int -2) [potion of mutation]
 12025 | Elf:1    | Entered Level 1 of the Elven Halls
 12070 | Elf:1    | Reached skill level 5 in Transmutations
 12446 | Elf:2    | Found a magical portal.
 12454 | Elf:2    | mut lab plz
 12455 | WizLab   | Entered The Roulette of Golubria
 12456 | WizLab   | no
 12457 | WizLab   | Found a corrupted altar of Lugonu.
 12457 | WizLab   | Noticed an eldritch tentacle
 12583 | WizLab   | Reached skill level 5 in Earth Magic
 12672 | WizLab   | Cast into level 2 of the Abyss (spatial vortex)
 12717 | WizLab   | Escaped the Abyss
 12763 | WizLab   | Identified a scroll of acquirement
 12764 | WizLab   | Identified the Papyrus of Quantum Summoning (You acquired it in a wizard's laboratory)
 12766 | WizLab   | ROTFL
 12985 | WizLab   | Identified the Compendium of the Voyage
 13039 | WizLab   | Killed an eldritch tentacle
 13054 | WizLab   | Got the cursed cloak of the Trees {MR+ Dex+5}
 13058 | WizLab   | Got the cursed cloak of Fun {MR+ Str+3}
 13061 | WizLab   | Identified the cursed +0 cloak of the Trees {MR+ Dex+5} (You found it in a wizard's laboratory)
 13062 | WizLab   | Identified the cursed -2 cloak of Fun {MR+ Str+3} (You found it in a wizard's laboratory)
 13080 | WizLab   | Identified Golubria's Guide on Orientation
 13128 | Elf:2    | Found a portal to a secret trove of treasure.
 13207 | Elf:3    | Entered Level 3 of the Elven Halls
 13382 | Elf:3    | Reached XP level 16. HP: 83/128 MP: 17/26
 13522 | Elf:3    | Got the cursed shield of Duty {rPois Int+4}
 13528 | Elf:3    | Identified the cursed +0 shield of Duty {rPois Int+4} (You found it on level 3 of the Elven Halls)
 13639 | Elf:3    | Reached skill level 1 in Shields
 13835 | Elf:3    | Identified the cursed ring "Karpheur" {rPois rF+ Dex+6} (You acquired it on level 3 of the Elven Halls)
 13911 | Elf:3    | murphy: why ashenzari?
 14030 | Elf:3    | Noticed a deep elf master archer
 14034 | Elf:3    | 4thArraOfDagon: 1st god
 14049 | Elf:3    | Killed a deep elf master archer
 14059 | Elf:3    | Reached skill level 5 in Shields
 14065 | Elf:3    | Noticed a deep elf blademaster
 14073 | Elf:3    | Killed a deep elf blademaster
 14183 | Elf:3    | Noticed a deep elf master archer
 14190 | Elf:3    | Killed a deep elf master archer
 14223 | Elf:3    | jacquesderrida: Yes
 14357 | Elf:3    | Noticed a deep elf blademaster
 14372 | Elf:3    | jacquesderrida: >>>>>>>>>>>>>>>>>>>>>not scrying the loots
 14375 | Elf:3    | jacquesderrida: eyyyyy meng...
 14404 | Elf:3    | Killed a deep elf blademaster
 14404 | Elf:3    | Identified the ring "Pexuopt" {Int+4 Slay+3 Stlth+} (You took it off a deep elf blademaster on level 3 of the Elven Halls)
 14404 | Elf:3    | Identified the +1 pearl dragon armour of Fortitude {rF+ rN+} (You took it off a deep elf blademaster on level 3 of the Elven Halls)
 14616 | Elf:3    | Killed from afar by a deep elf annihilator

Vault maps used:
D:1:      dpeg_arrival_refuge
D:2:      johnstein_pakellas_dig, old_standard_altar, uniq_jessica
D:3:      ecumenical_altar_1, first_bread, lexackson_kobold_supper,
          uniq_terence, uniq_robin
D:4:      old_standard_altar, serial_shops, shop_fountains,
          evilmike_ruin_ashenzari
D:5:      corexii_shantytown, lemuel_doored_altar, serial_shops,
          nicolae_shop_trees
D:6:      uniq_grinder, uniq_crazy_yiuf_cottage, uniq_edmund, uniq_duvessa,
          uniq_eustachio, uniq_blork_the_orc
D:7:      kiku_gazebo_pond_becter, gammafunk_temple_overflow_elements,
          enter_ossuary_5, uniq_prince_ribbit1
D:8:      gammafunk_temple_overflow_forgotten, grunt_ogre_cave, uniq_erica,
          uniq_psyche
D:9:      lemuel_crystal_altar, kennysheep_mini, basic_altar, serial_glass,
          glass_columns_a, glass_columns_c, uniq_maurice
D:10:     basic_altar
D:11:     lair_0_dummy, hiddenorc2_lemuel, lab_entry_generic, basic_altar
D:12:     serial_shops, shop
D:13:     david_vaults_1, st_stairs_3, minivault_13, uniq_snorg
D:14:     minivault_26
D:15:     grunt_enter_depths_snipers, portal_ice_cave_entry_pillars_1,
          uniq_azrael
Temple:   jpeg_temple_alley_garden
Lair:1:   serial_bayou_crossing, infiniplex_staircase_pool
Lair:2:   minmay_shoals_entry_lonely_mermaid, guppyfry_snake_entry_island,
          grunt_megastairs_4, lemuel_fruit_tree
Lair:3:   worms_lemuel, lemuel_fruit_fields
Lair:4:   lemuel_ratsnest, bh_autumn_forest_stairs
Lair:5:   nicolae_slime_entry_slimehenge, grunt_megastairs_3,
          infiniplex_staircase_pool_2
Lair:6:   wormcave, hangedman_lair_in_review, uniq_rupert
Shoals:4: shoals_end_grunt_garden, shoals_ilsuiw_ice
Orc:1:    serial_shops, shop
Orc:2:    grunt_orc_tribal_feast
Elf:1:    eino_elf_arrival_sip, serial_shops, shop, minmay_elf_demonology,
          spider_trap
Elf:2:    mu_enter_wizlab_3, nicolae_trove_entry_crossroad, serial_shops, shop
Elf:3:    minmay_elf_hall_furrowed, grunt_ministairs_9, hex_large
Abyss:2:  guppyfry_abyss_exit_glass_guarded, evilmike_abyss_exit_kraken
Lab:      nicolae_lab_dead_adventurers, nicolae_lab_very_dead_end,
          labyrinth_lava_lair
Ossuary:  minmay_ossuary_gauntlet
IceCv:    ice_cave_caverns_03
WizLab:   wizlab_golubria

Skill      XL: |  1  2  3  4  5  6  7  8  9 10 11 12 13 14 15 16 |
---------------+-------------------------------------------------+-----
Unarmed Combat | 1 3 4 5 7 9 11 13 14 15 17 | 17.0
Fighting       | 5 7 8 10 11 | 11.1
Dodging        | 5 7 9 10 | 10.6
Spellcasting   | 6 7 |  7.4
Transmutations | 3 6 7 |  7.0
Earth Magic    | 6 |  6.5
Shields        | 6 |  6.9
Short Blades   | |  0.7
Stealth        | |  0.4
Evocations     | |  2.1

Action                   |  1- 3 |  4- 6 |  7- 9 | 10-12 | 13-15 | 16-18 || total
-------------------------+-------+-------+-------+-------+-------+-------++-------
Melee: Unarmed           |    89 |   107 |   334 |   501 |  1372 |   255 ||  2658
       Punch             |       |       |    14 |    49 |   107 |     4 ||   174
Throw: Large rock        |       |       |       |    14 |    12 |       ||    26
 Cast: Repel Missiles    |       |       |       |       |     1 |     1 ||     2
Invok: Curse Item        |       |     1 |       |     1 |     1 |       ||     3
 Abil: Evoke Berserk Rag |       |       |     7 |     8 |    34 |     5 ||    54
Evoke: Wand              |       |       |     9 |     7 |    11 |     7 ||    34
  Use: Scroll            |       |       |     8 |     6 |    29 |     4 ||    47
       Potion            |       |       |     1 |     3 |    11 |     6 ||    21
 Stab: Sleeping          |       |       |     9 |    15 |    13 |     2 ||    39
       Confused          |       |       |       |     1 |       |       ||     1
       Invisible         |       |       |       |     1 |       |     2 ||     3
       Distracted        |       |       |       |       |     1 |       ||     1
  Eat: Chunk             |     8 |     5 |    22 |    40 |    95 |    16 ||   186
       Pizza             |       |       |     1 |       |       |       ||     1
       Beef jerky        |       |       |     1 |     6 |     2 |       ||     9
Armor: Robe              |    26 |    23 |   105 |   132 |   317 |    21 ||   624
       Skin              |       |       |       |     1 |       |     1 ||     2
Dodge: Dodged            |    44 |    37 |   141 |   241 |   844 |    75 ||  1382
       Deflected         |       |       |       |       |     2 |     5 ||     7
Block: Shield            |       |       |       |       |       |    72 ||    72
